 Dungeon Crawl Stone Soup version 0.19.0-2-gae57169 (webtiles) character file.

8187 LORDOFBUTT the Cleaver (level 11, -4/101 HPs)
             Began as a Minotaur Berserker on Nov 4, 2016.
             Was a High Priest of Trog.
             Killed from afar by an electric eel (12 damage)
             ... with a bolt of electricity
             ... on level 10 of the Dungeon.
             The game lasted 00:12:14 (9911 turns).

LORDOFBUTT the Cleaver (Minotaur Berserker)         Turns: 9911, Time: 00:12:16

Health: -4/101     AC:  8    Str: 21 (23) XL:     11   Next: 6%
Magic:  10/10      EV: 19    Int:  4      God:    Trog [*****.]
Gold:   1122       SH:  0    Dex: 12      Spells: 0 memorised, 10 levels left

rFire  . . .     SeeInvis .     a - +0 hand axe
rCold  . . .     Gourm    .     b - +0 animal skin
rNeg   . . .     Faith    .     (no shield)
rPois  .         Spirit   .     (helmet restricted)
rElec  .         Reflect  .     v - +0 cloak
rCorr  .         Harm     .     w - +0 pair of gloves
MR     .....                    (no boots)
Stlth  +.........               (no amulet)
                                y - +4 ring of protection
                                z - +2 ring of evasion

@: confused, exhausted, slowed, very slow
A: retaliatory headbutt, horns 2, deterioration 1
a: Berserk, Trog's Hand, Brothers in Arms, Burn Spellbooks, Renounce Religion


You were on level 10 of the Dungeon.
You worshipped Trog.
Trog was extremely pleased with you.
You were hungry.

You visited 1 branch of the dungeon, and saw 10 of its levels.
You also visited: Bailey.

You collected 1122 gold pieces.

Inventory:

Hand Weapons
 a - a +0 hand axe (weapon)
 G - a -2 war axe
Armour
 b - a +0 animal skin (worn)
 v - a +0 cloak (worn)
 w - a +0 pair of gloves (worn)
Jewellery
 y - a +4 ring of protection (right hand)
 z - a +2 ring of evasion (left hand)
Wands
 e - a wand of flame (15/48)
 x - a wand of flame (23/48)
 B - a wand of flame (16/48)
 L - a wand of random effects (26/48)
Scrolls
 d - 3 scrolls of immolation {unknown}
 f - a scroll of vulnerability {unknown}
 g - 2 scrolls of remove curse
 i - 5 scrolls of recharging {unknown}
 k - 3 scrolls of fear {unknown}
 l - 4 scrolls of teleportation {unknown}
 m - a scroll of enchant armour {unknown}
 q - 2 scrolls of fog {unknown}
 r - 3 scrolls of enchant weapon {unknown}
 s - a scroll of blinking {unknown}
 C - a scroll of holy word {unknown}
 D - a scroll of noise {unknown}
 E - a scroll of magic mapping {unknown}
 F - a scroll of acquirement {unknown}
 K - 4 scrolls of identify
 N - a scroll of brand weapon {unknown}
Potions
 h - a potion of agility
 j - a potion of resistance
 o - a potion of degeneration
 p - 2 potions of mutation
 t - 3 potions of might
 A - a potion of flight
 H - a potion of haste
 J - a potion of curing
Comestibles
 c - 6 bread rations
 I - a meat ration
 M - 10 royal jellies


   Skills:
 + Level 10.6 Fighting
 + Level 13.8 Axes
 + Level 2.7 Armour
 + Level 8.8 Dodging
 + Level 4.6 Stealth


You had 10 spell levels left.
You didn't know any spells.

Dungeon Overview and Level Annotations

Branches:
Dungeon (10/15)            Temple (0/1) D:7             Orc (0/2) D:9
   Lair: D:8-11

Altars:
Elyvilon
Okawaru
Qazlal
Zin
The Shining One

Shops:
D:4 *   D:5 }


Innate Abilities, Weirdness & Mutations

You reflexively headbutt those who attack you in melee.
You have a pair of horns on your head.
Your body sometimes deteriorates upon taking damage.


Message History

Your unstable footing causes you to fumble your attack.
You closely miss the electric eel. Your headbutt misses the electric eel.
The electric eel shoots out a bolt of lightning at you!
The bolt of electricity hits you!
* * * LOW HITPOINT WARNING * * *
Your unstable footing causes you to fumble your attack.
The electric eel shoots out a bolt of lightning at you!
The bolt of electricity hits you!
* * * LOW HITPOINT WARNING * * *
Okay, then.
Okay, then.
You are confused.
You feel invigorated.
You're too confused to move!
The electric eel shoots out a bolt of lightning at you!
The bolt of electricity hits you!
* * * LOW HITPOINT WARNING * * *
The electric eel shoots out a bolt of lightning at you!
The bolt of electricity hits you!
You die...

.......# ####.......#####
#+###### #.......# #..#
#.......# ##(##### #
##.......# #......♣
♣≈♣≈P♣#..)##
#.#P;♣≈♣≈♣♣♣≈≈≈♣≈♣)♣#
♣≈♣;P≈≈≈≈≈≈♣≈≈≈♣♣≈≈♣♣
≈≈≈≈≈♣≈≈♣≈≈≈≈≈≈≈†≈≈≈♣
≈≈≈≈P≈P≈≈≈≈≈≈≈≈≈@;♣≈≈≈♣
♣≈≈P≈≈≈≈≈≈≈≈≈≈≈≈≈≈≈≈≈≈≈≈P
P≈≈;≈≈≈≈≈≈≈≈≈≈≈≈≈≈≈≈≈≈≈≈≈
PPP≈≈≈≈≈≈≈≈≈≈≈≈≈≈≈≈≈≈≈P≈♣
≈≈≈P≈≈≈≈≈≈≈≈≈≈≈≈≈≈≈≈≈≈P≈♣
≈≈≈P♣ ≈≈≈≈≈≈≈≈≈≈≈≈≈≈≈≈≈♣♣
≈≈≈≈≈≈≈≈≈≈P≈≈♣♣
≈≈≈≈≈≈≈≈♣≈P≈≈#


You could see an electric eel.

Vanquished Creatures
  A centaur warrior (D:9)
  A hill giant (D:10)
  Pikel (D:6)
  A two-headed ogre (D:8)
  A hornet (D:10)
  2 wyverns
  2 wraiths (D:10)
  A steam dragon (D:7)
  2 hungry ghosts
  4 orc warriors
  2 phantoms
  2 ice beasts
  A necrophage (D:7)
  3 sky beasts
  3 slaves (D:6)
  A black bear (D:7)
  3 ogres
  4 centaurs
  A big kobold (D:8)
  3 bullfrogs
  6 gnoll sergeants (Bailey)
  A water moccasin zombie (D:3)
  7 scorpions
  6 killer bees (D:10)
  5 wights (D:9)
  2 electric eels (D:10)
  2 howler monkeys
  A centaur zombie (D:5)
  4 jellies
  10 hounds
  Crazy Yiuf (D:3)
  5 gnoll shamans
  6 orc priests
  2 bullfrog skeletons
  7 worker ants
  An iguana (D:8)
  5 orc wizards
  A hound skeleton (D:7)
  A worker ant zombie (D:9)
  22 gnolls
  12 adders
  4 shadow imps
  6 oozes
  An adder zombie (D:5)
  An adder skeleton (D:9)
  3 worms
  3 dart slugs
  7 leopard geckos
  33 orcs
  6 giant cockroaches
  7 goblins
  7 hobgoblins
  15 jackals
  15 kobolds
  3 quokkas
  10 bats
  4 frilled lizards
  A jackal skeleton (D:6)
  2 quokka skeletons
  6 rats
  3 fungi (D:7)
283 creatures vanquished.

Vanquished Creatures (collateral kills)
  2 gnoll sergeants (Bailey)
  2 gnoll shamans (Bailey)
4 creatures vanquished.

Vanquished Creatures (others)
  A slave (D:6)
  A bullfrog skeleton (D:6)
  A gnoll (D:6)
  3 jackals (D:6)
  3 kobolds (D:6)
9 creatures vanquished.

Grand Total: 296 creatures vanquished

Notes
Turn   | Place    | Note
-------+----------+-------------------------------------------
     0 | D:1      | LORDOFBUTT the Minotaur Berserker began the quest for the Orb.
     0 | D:1      | Reached XP level 1. HP: 19/19 MP: 0/0
   112 | D:1      | Reached XP level 2. HP: 26/27 MP: 1/1
   163 | D:1      | Reached skill level 4 in Axes
   424 | D:1      | Reached ** piety under Trog
   694 | D:1      | Reached XP level 3. HP: 30/33 MP: 2/2
   858 | D:2      | Found a glowing golden altar of the Shining One.
  1450 | D:3      | Found a runed door.
  1489 | D:3      | Reached XP level 4. HP: 18/41 MP: 3/3
  1973 | D:3      | Reached skill level 5 in Axes
  2171 | D:3      | Reached XP level 5. HP: 46/47 MP: 4/4
  2186 | D:3      | Reached *** piety under Trog
  2461 | D:3      | Found a faded altar of an unknown god.
  2915 | D:3      | Reached skill level 5 in Fighting
  2915 | D:3      | Reached skill level 6 in Axes
  3004 | D:3      | Noticed Crazy Yiuf
  3009 | D:3      | Killed Crazy Yiuf
  3009 | D:3      | Reached XP level 6. HP: 44/56 MP: 5/5
  3088 | D:4      | Reached skill level 1 in Stealth
  3123 | D:4      | Found Viacryes's General Store.
  3132 | D:4      | Reached skill level 7 in Axes
  3685 | D:4      | Reached XP level 7. HP: 56/61 MP: 6/6
  3833 | D:4      | Reached **** piety under Trog
  3924 | D:5      | Entered Level 5 of the Dungeon
  4177 | D:5      | Found a white marble altar of Elyvilon.
  4198 | D:5      | Reached skill level 8 in Axes
  4224 | D:5      | Gained mutation: Your body sometimes deteriorates upon taking damage. [mutagenic meat]
  4427 | D:5      | Reached skill level 5 in Dodging
  4430 | D:5      | Found Gyryeseu's Gadget Emporium.
  4519 | D:5      | Reached XP level 8. HP: 71/71 MP: 7/7
  4630 | D:5      | Reached skill level 9 in Axes
  5059 | D:6      | Noticed Pikel
  5081 | D:6      | Killed Pikel
  5081 | D:6      | Reached skill level 10 in Axes
  5349 | D:6      | Reached XP level 9. HP: 81/81 MP: 8/8
  5610 | D:6      | Found an iron altar of Okawaru.
  5820 | D:7      | Found a glowing silver altar of Zin.
  5841 | D:7      | Reached skill level 11 in Axes
  6399 | D:7      | Reached ***** piety under Trog
  6454 | D:7      | Found a staircase to the Ecumenical Temple.
  6482 | D:7      | Reached skill level 12 in Axes
  6818 | D:8      | Reached XP level 10. HP: 90/90 MP: 9/9
  7350 | D:9      | Received a gift from Trog
  7642 | D:9      | Found a stormy altar of Qazlal.
  7727 | D:9      | Noticed a centaur warrior
  7737 | D:9      | Killed a centaur warrior
  7737 | D:9      | Reached skill level 10 in Fighting
  7737 | D:9      | Reached skill level 13 in Axes
  7747 | D:9      | Found a staircase to the Orcish Mines.
  8111 | D:10     | Entered Level 10 of the Dungeon
  8354 | D:10     | Found a flagged portal.
  8363 | Bailey   | Entered a bailey
  8865 | Bailey   | HP: 1/94 [gnoll sergeant/halberd (6)]
  9874 | D:10     | Noticed a hill giant
  9890 | D:10     | Killed a hill giant
  9890 | D:10     | Reached XP level 11. HP: 56/101 MP: 10/10
  9909 | D:10     | HP: 1/101 [electric eel/bolt of electricity (12)]
  9911 | D:10     | Killed from afar by an electric eel

Skill      XL: |  1  2  3  4  5  6  7  8  9 10 |
---------------+-------------------------------+-----
Axes           | 4 5 6 7 8 10 12 13 | 13.8
Fighting       | 4 5 6 7 9 10 | 10.6
Dodging        | 3 4 5 6 7 8 |  8.8
Stealth        | 1 3 4 |  4.6
Armour         | |  2.7

Action                   |  1- 3 |  4- 6 |  7- 9 | 10-12 || total
-------------------------+-------+-------+-------+-------++-------
Melee: Hand axe          |    77 |   109 |   322 |   261 ||   769
       Headbutt          |    14 |    21 |    75 |    53 ||   163
Invok: Berserk           |       |     2 |     5 |     7 ||    14
       Brothers in Arms  |       |       |       |     1 ||     1
  Use: Potion            |       |     1 |       |     3 ||     4
       Scroll            |       |       |     8 |     2 ||    10
 Stab: Sleeping          |       |       |     1 |    10 ||    11
  Eat: Fruit             |     4 |       |       |       ||     4
       Beef jerky        |     1 |       |     3 |       ||     4
       Bread ration      |       |     1 |     1 |     2 ||     4
       Chunk             |       |       |     8 |     4 ||    12
       Meat ration       |       |       |       |     1 ||     1
Armor: Animal skin       |     8 |    14 |    59 |    26 ||   107
Dodge: Dodged            |    45 |    69 |   208 |   207 ||   529
